 Dungeon Crawl Stone Soup version 0.32-a0-931-g5a2cda0630 (webtiles) character file.

Game seed: 9183664228580527023

2450 jamsaran the Zephyrmancer (level 9, -5/50 HPs)
             Began as a Tengu Summoner on Apr 14, 2024.
             Slain by a wight
             ... wielding a +0 falchion
              (12 damage)
             ... on level 7 of the Dungeon.
             The game lasted 00:15:34 (7248 turns).

jamsaran the Zephyrmancer (Tengu Summoner)          Turns: 7248, Time: 00:15:35

Health: -5/50      AC:  4    Str:  8    XL:     9   Next: 50%
Magic:  17/23      EV: 17    Int: 20    God:
Gold:   434        SH:  0    Dex: 15    Spells: 6/14 levels left

rFire   + . .        I - +3 whip (elec)
rCold   . . .        (no shield)
rNeg    . . .        o - +0 leather armour
rPois   .            (helmet restricted)
rElec   .            F - +0 cloak
rCorr   .            (no gloves)
SInv    .            (boots unavailable)
Will    .....        (no amulet)
Stlth   +            l - ring of magical power
HPRegen 0.28/turn    D - ring of protection from fire
MPRegen 0.18/turn

%: acrobat
@: confused, flying
A: beak, talons 3, evasive flight, acrobatic
a: no special abilities


You were on level 7 of the Dungeon.
You visited 1 branch of the dungeon, and saw 7 of its levels.
You also visited: Ossuary.

You collected 434 gold pieces.

Inventory:

Hand Weapons
 H - the +4 long sword "Vih Ech" {freeze, rElec Str+9 Dex-5}
   (You found it on level 7 of the Dungeon)

   Str+9:     It affects your strength (+9).
   Dex-5:     It affects your dexterity (-5).
   rElec:     It insulates you from electricity.
 I - a +3 whip of electrocution (weapon)
Armour
 o - a +0 leather armour (worn)
 F - a +0 cloak (worn)
Jewellery
 l - a ring of magical power (left hand)
 D - a ring of protection from fire (right hand)
Wands
 k - a wand of flame (38)
 n - a wand of polymorph (10)
Scrolls
 a - a scroll of amnesia {unknown}
 c - a scroll of blinking
 f - a scroll of fog {unknown}
 h - 3 scrolls of enchant armour
 i - 2 scrolls of revelation
 m - a scroll of fear
 p - a scroll of brand weapon {unknown}
 w - a scroll of immolation {unknown}
 x - a scroll of torment {unknown}
 y - a scroll of teleportation
 B - a scroll of vulnerability {unknown}
Potions
 b - 2 potions of magic
 g - 2 potions of might {unknown}
 j - 2 potions of haste
 q - 3 potions of curing
 r - a potion of mutation {unknown}
 s - 2 potions of degeneration {unknown}
 t - 3 potions of enlightenment
 u - a potion of resistance {unknown}
 v - a potion of lignification {unknown}
 z - a potion of brilliance {unknown}
 A - a potion of attraction {unknown}
 C - a potion of cancellation {unknown}


   Skills:
 - Level 3.0 Fighting
 - Level 3.0 Armour
 + Level 6.1 Dodging
 - Level 3.0 Stealth
 - Level 3.0 Spellcasting
 - Level 9.0 Summonings
 - Level 9.0 Air Magic
 - Level 3.0 Evocations


You had 6 spell levels left.
You knew the following spells:

 Your Spells              Type           Power      Damage    Failure   Level
a - Summon Small Mammal   Summ           100%       N/A       1%          1
b - Call Canine Familiar  Summ           39%        N/A       1%          3
c - Summon Lightning Spi  Summ/Air       39%        N/A       4%          4

Your spell library contained the following spells:

 Spells                   Type           Power      Damage    Failure   Level
 Call Imp                 Summ           78%        N/A       1%          2
 Summon Blazeheart Golem  Fire/Summ      21%        N/A       30%         4
 Vhi's Electric Charge    Tloc/Air       42%        N/A       30%         4
 Passwall                 Erth           3%         N/A       52%         3
 Sigil of Binding         Hex            3%         N/A       52%         3
 Volatile Blastmotes      Fire/Tloc      6%         2d10      52%         3
 Leda's Liquefaction      Alch/Erth      1%         N/A       89%         4
 Lee's Rapid Deconstruct  Erth           1%         3d4*      99%         5
 Bombard                  Conj/Erth      1%         9d1       100%        6
 Death Channel            Necr           1%         N/A       100%        6
 Permafrost Eruption      Ice/Erth       1%         2x4d2     100%        6
 Sculpt Simulacrum        Ice/Alch       1%         N/A       100%        6


Dungeon Overview and Level Annotations

Branches:
Dungeon (7/15)            Ossuary (visited)
 Temple: D:4-7

Altars:
Ashenzari
Fedhas
Hepliaklqana
Sif Muna
Yredelemnul

Shops:
D:4 *

Annotations:
D:3 2 transporters, D0namaru's ghost, amateur DsNe
D:5 2 transporters, ForkInBrain's ghost, novice GnHs


Innate Abilities, Weirdness & Mutations

You have a beak for a mouth.
You have claws for feet.
Your magical flight helps you evade attacks. (EV +4)
You can magically evade attacks while moving or waiting.


Message History

The wight is heavily damaged.
A wight comes into view. It is wielding a +3 falchion.
The wight barely misses you. The wight completely misses you.
Your lightning spire shoots out a bolt of lightning at the wight!
The bolt of electricity hits the wight.
The wight completely misses you.
The wight hits your lightning spire with a +4 dire flail of freezing.
The wight completely misses you.
A wight comes into view. It is wielding a +0 falchion.
The wight hits your lightning spire but does no damage.
Your lightning spire shoots out a bolt of lightning at the wight!
The bolt of electricity hits the wight!!
The wight is destroyed!
The wight attacks as it pursues you! The wight closely misses you.
Your Dodging skill increases to level 6!
A wight comes into view. It is wielding a +0 battleaxe.
Something hits you but does no damage. The wight completely misses you.
The wight moves out of view.
Something hits you. The wight hits you with a +3 falchion!
Unknown command.
You hear some strange, mumbled words.
You are confused.
You bump into the rock wall.
The wight hits you with a +0 falchion.
Unknown command.
You hit something. Your kick misses something. Something closely misses you.
You're too confused to move!
Something barely misses you. The wight misses you.
The wight hits you with a +3 falchion.
Unknown command.
You bump into the rock wall.
You hear some strange, mumbled words.
A magic dart appears from out of thin air!
The magic dart hits you!
* * * LOW HITPOINT WARNING * * *
The wight completely misses you. The wight hits you with a +3 falchion.
* * * LOW HITPOINT WARNING * * *
You hit the wight but do no damage. Your kick misses the wight.
Something hits you.
* * * LOW HITPOINT WARNING * * *
The wight hits you with a +0 falchion!
You die...

....#.#....#.###.#...#
....#.#....#.....#...#
......#########..#...#
....#..### #..#...#
....##...######......#
####
###.......#.#.#####
##......#.......#
##.....#.#.....#
#.)...z@#.....#
#.....#z{#######
#######zz......#
###........#
########....>$....#
#....I##.###I.....#
#..o.).....#.######
.)..o##)######.# ..♣
#.# ..#


You could see 4 wights and a friendly lightning spire (summoned).

Vanquished Creatures
  A centaur (D:5)
  2 scorpions (Ossuary)
  3 hounds
  A gnoll bouda (D:7)
  An orc wizard (D:4)
  An iguana (D:5)
  An adder (D:2)
  2 dart slugs
  2 orcs (D:6)
  2 ball pythons
  2 endoplasms (D:1)
  A giant cockroach (D:2)
  3 gnoll zombies (Ossuary)
  2 jackals
  6 kobolds
  A quokka (D:2)
  4 bats
  3 frilled lizards
  2 goblins
  3 rats
43 creatures vanquished.

Vanquished Creatures (collateral kills)
  Duvessa (D:4)
  An orc warrior (D:7)
  An ice beast (D:6)
  4 black bears
  A sky beast (D:5)
  2 centaurs
  A phantom (D:5)
  A bullfrog (D:6)
  A scorpion (D:6)
  A wight (D:7)
  Dowan (D:4)
  A howler monkey (D:6)
  A bombardier beetle (D:4)
  2 quasits (D:6)
  A human zombie (Ossuary)
  2 hounds (D:6)
  An orc priest (D:5)
  Crazy Yiuf (D:6)
  Jessica (D:2)
  3 iguanas
  4 scorpion zombies (Ossuary)
  4 orc wizards
  3 mummies (Ossuary)
  8 gnolls
  3 adders
  4 white imps (D:6)
  4 ufetubi (D:6)
  5 adder zombies (Ossuary)
  9 orcs
  An endoplasm (D:1)
  2 giant cockroaches
  4 hobgoblins
  6 jackals
  2 quokkas
  A ball python (D:3)
  A bat (D:3)
  2 jackal zombies (Ossuary)
  3 kobolds
  2 kobold zombies (Ossuary)
  4 rats
100 creatures vanquished.

Vanquished Creatures (others)
  An orc wizard (D:4)
1 creature vanquished.

Grand Total: 144 creatures vanquished

Notes
Turn   | Place    | Note
-------+----------+-------------------------------------------
     0 | D:1      | jamsaran the Tengu Summoner began the quest for the Orb.
     0 | D:1      | Reached XP level 1. HP: 10/10 MP: 4/4
   224 | D:1      | Reached skill level 5 in Summonings
   244 | D:1      | Reached XP level 2. HP: 15/15 MP: 1/6
   580 | D:1      | Reached XP level 3. HP: 18/19 MP: 3/7
   584 | D:1      | Learned a level 3 spell: Call Canine Familiar
  1132 | D:2      | Reached XP level 4. HP: 24/24 MP: 3/9
  1138 | D:2      | Learned a level 4 spell: Summon Lightning Spire
  1406 | D:2      | Noticed Jessica
  1420 | D:2      | Killed Jessica
  1421 | D:2      | Reached skill level 1 in Air Magic
  1984 | D:3      | Found a transporter.
  2005 | D:3      | Noticed D0namaru's ghost (amateur DsNe)
  2078 | D:3      | Found a transporter.
  2120 | D:3      | Noticed an orc warrior
  2284 | D:4      | Noticed Duvessa
  2285 | D:4      | Noticed Dowan
  2315 | D:4      | Noticed a black bear
  2322 | D:4      | Killed a black bear
  2323 | D:4      | Reached XP level 5. HP: 21/28 MP: 10/10
  2332 | D:4      | Found Suumoe's Overcharged Wands.
  2377 | D:4      | Reached XP level 6. HP: 32/32 MP: 11/11
  2415 | D:4      | Reached skill level 5 in Air Magic
  2833 | D:4      | Found a sand-covered staircase.
  2838 | Ossuary  | Entered an ossuary
  3031 | Ossuary  | Gained mutation: Your magical flight helps you evade
                  | attacks. (EV +4) [Tengu growth]
  3031 | Ossuary  | Reached XP level 7. HP: 36/36 MP: 12/12
  3448 | D:4      | Killed Dowan
  3458 | D:4      | Killed Duvessa
  3726 | D:4      | Reached XP level 8. HP: 38/41 MP: 13/13
  3835 | D:4      | Reached skill level 1 in Armour
  3932 | D:5      | Entered Level 5 of the Dungeon
  4181 | D:5      | Found a transporter.
  4182 | D:5      | Noticed ForkInBrain's ghost (novice GnHs)
  4233 | D:5      | Found a transporter.
  4265 | D:5      | HP: 1/41 [centaur/arrow (11)]
  5256 | D:5      | Found a shimmering blue altar of Sif Muna.
  5259 | D:5      | Reached skill level 1 in Fighting
  5259 | D:5      | Reached skill level 1 in Evocations
  5604 | D:6      | Reached XP level 9. HP: 48/48 MP: 14/14
  5874 | D:6      | Found a runed translucent door.
  5875 | D:6      | Noticed Crazy Yiuf
  6476 | D:6      | Found a broken altar of Ashenzari.
  6722 | D:6      | Found a blossoming altar of Fedhas.
  6722 | D:6      | Found a basalt altar of Yredelemnul.
  6724 | D:6      | Found a hazy altar of Hepliaklqana.
  6829 | D:6      | Killed Crazy Yiuf
  6918 | D:7      | Identified the +4 long sword "Vih Ech" {freeze, rElec Str+9
                  | Dex-5}
  6979 | D:7      | Reached skill level 5 in Dodging
  7248 | D:7      | Slain by a wight

Illustrated notes

Levels and vault maps discovered:
D:1:      minmay_arrival_five_plusses, layout_basic, serial_corexii_hall,
          corexii_hall_statues_i, chequers_hall_statues_y,
          chequers_hall_statues_corner_a
D:2:      layout_rooms, serial_forest, infiniplex_forest_clump_long,
          infiniplex_forest_3_way, infiniplex_forest_straight_4,
          infiniplex_forest_zigzag_1, infiniplex_forest_lined_room_3,
          infiniplex_forest_clump_diagonal, infiniplex_forest_clump_double,
          kennysheep_jessica_study, uniq_jessica
D:3:      layout_rooms, gammafunk_ghost_stat_death
D:4:      black_bear_nest_2, layout_loops_ring, nicolae_ossuary_entry_plus,
          nicolae_shop_overcharged_wands, uniq_duvessa
D:5:      layout_basic, tgw_sif, gammafunk_ghost_smash
D:6:      layout_gridville, gammafunk_temple_overflow_claw,
          mainiacjoe_overflow_alcove_4, serial_demonic, serial_demonic_a,
          serial_demonic_d, serial_demonic_g, serial_demonic_d,
          serial_demonic_e, serial_demonic_b, uniq_crazy_yiuf_cottage
D:7:      layout_basic, minmay_temple_entry_junction, grunt_ministairs_2

Skill      XL: |  1  2  3  4  5  6  7  8  9 |
---------------+----------------------------+-----
Summonings     | 5 6 7 8 9 |  9.0
Spellcasting   | 3 |  3.0
Air Magic      | 4 6 8 9 |  9.0
Armour         | 3 |  3.0
Fighting       | 2 3 |  3.0
Evocations     | 2 3 |  3.0
Dodging        | 3 6 |  6.1
Stealth        | 3 |  3.0

Action                     |  1- 3 |  4- 6 |  7- 9 || total
---------------------------+-------+-------+-------++-------
  Melee: Unarmed           |     7 |       |       ||     7
         Club              |     9 |       |       ||     9
         Peck              |     9 |    12 |    11 ||    32
         Kick              |    16 |    15 |    32 ||    63
         Short sword       |    35 |    60 |    68 ||   163
         Whip              |       |       |     4 ||     4
         Quarterstaff      |       |       |     1 ||     1
   Cast: Summon Small Mamm |    44 |     9 |       ||    53
         Call Canine Famil |     2 |    14 |    10 ||    26
         Summon Lightning  |       |     7 |    44 ||    51
    Use: Scroll            |       |     6 |     5 ||    11
         Potion            |       |       |     1 ||     1
   Stab: Sleeping          |     1 |     2 |       ||     3
         Distracted        |       |     1 |     3 ||     4
 Armour: Robe              |    26 |    34 |     7 ||    67
         Leather armour    |       |       |    66 ||    66
  Dodge: Dodged            |    62 |    45 |   110 ||   217

Table legend: (Time is in decaauts)
 A = Elapsed time spent in this place.
 B = Non-inter-level travel time spent in this place.
 C = Inter-level travel time spent in this place.
 D = Time resting spent in this place.
 E = Time spent auto-exploring this place.
 F = Levels seen in this place.
 G = Mean time per level.
                   A        B        C        D        E       F      G
               +--------+--------+--------+--------+--------+-----+--------+
         Total |   7247 |   6995 |    252 |   1101 |   4214 |   8 |  905.9 |
       Dungeon |   6720 |   6468 |    252 |    996 |   3980 |   7 |  960.0 |
       Ossuary |    526 |    526 |      0 |    105 |    234 |   1 |  526.0 |
               +--------+--------+--------+--------+--------+-----+--------+

Top non-repeatable levels by time:
     D:5: 1595 daAuts
     D:6: 1302 daAuts
     D:4: 1198 daAuts
     D:2: 1191 daAuts
     D:1: 926 daAuts
 Ossuary: 526 daAuts
     D:7: 348 daAuts
     D:3: 157 daAuts
